 Dungeon Crawl Stone Soup version 0.25.1-2-g60ff931df9 (webtiles) character file.

Game seed: 11553364771692075991

8316 nicanaca0 the Severer (level 11, -21/100 HPs)
             Began as a Minotaur Berserker on Sept 28, 2020.
             Was a High Priest of Trog.
             Demolished by a skeletal warrior
             ... wielding a +0 glaive
             ... led by a skeletal warrior
              (23 damage)
             ... on level 11 of the Dungeon.
             The game lasted 00:21:28 (10726 turns).

nicanaca0 the Severer (Minotaur Berserker)         Turns: 10726, Time: 00:21:29

Health: -21/100    AC: 17    Str: 23    XL:     11   Next: 8%
Magic:  10/10      EV: 22    Int:  7    God:    Trog [*****.]
Gold:   667        SH:  2    Dex:  9    Spells: 10/10 levels left

rFire    . . .     SeeInvis .   A - +2 broad axe (drain)
rCold    . . .     Gourm    .   b - +0 buckler
rNeg     . . .     Faith    .   D - +0 plate armour
rPois    .         Spirit   .   (helmet restricted)
rElec    .         Reflect  .   B - +0 cloak
rCorr    .         Harm     .   E - +0 pair of gloves
MR       +....                  (no boots)
Stlth    ..........             x - amulet of the acrobat
HPRegen  0.26/turn              C - ring of protection from magic
MPRegen  0.12/turn              (no ring)

@: berserk cooldown, acrobat, slowed, very slow
A: retaliatory headbutt, horns 2
a: Berserk, Trog's Hand, Brothers in Arms, Renounce Religion


You were on level 11 of the Dungeon.
You worshipped Trog.
Trog was extremely pleased with you.
You were hungry.

You visited 1 branch of the dungeon, and saw 11 of its levels.

You collected 667 gold pieces.

Inventory:

Hand Weapons
 f - a +2 whip of venom
 A - a +2 broad axe of draining (weapon)
Missiles
 e - 2 silver javelins (quivered)
 z - 15 javelins
Armour
 b - a +0 buckler (worn)
 j - a scarf of repulsion
 n - a scarf of resistance
 B - a +0 cloak (worn)
 D - a +0 plate armour (worn)
 E - a +0 pair of gloves (worn)
 F - a +0 kite shield
Jewellery
 x - an amulet of the acrobat (around neck)
 C - a ring of protection from magic (left hand)
 G - a cursed amulet of inaccuracy {unknown}
 L - a cursed ring of teleportation {unknown}
Wands
 s - a wand of iceblast (9)
 I - a wand of random effects (18)
 M - a wand of flame (13)
Scrolls
 d - 3 scrolls of identify
 h - 2 scrolls of magic mapping {unknown}
 m - 5 scrolls of remove curse
 o - 7 scrolls of teleportation
 r - 2 scrolls of enchant weapon
 t - 3 scrolls of amnesia
 w - 2 scrolls of immolation {unknown}
 y - a scroll of blinking
 H - a scroll of enchant armour {unknown}
 J - a scroll of fog {unknown}
 K - a scroll of holy word {unknown}
Potions
 a - 2 potions of mutation
 g - 2 potions of flight
 i - a potion of stabbing
 k - 5 potions of degeneration
 l - 2 potions of heal wounds
 p - 3 potions of cancellation
 q - 5 potions of curing
 u - a potion of magic
 v - a potion of lignification {unknown}
Comestibles
 c - 25 rations
 N - 4 chunks of flesh


   Skills:
 + Level 10.2 Fighting
 * Level 15.0 Axes
 + Level 9.8 Armour
 - Level 2.1 Dodging


You had 10 spell levels left.
You didn't know any spells.
Your spell library was empty.

Dungeon Overview and Level Annotations

Branches:
Dungeon (11/15)            Temple (0/1) D:7            Lair (0/6) D:9
    Orc: D:9-12

Altars:
Dithmenos
Elyvilon
Makhleb
Okawaru
Qazlal
Trog
Uskayaw
Xom
Yredelemnul
Zin

Shops:
D:11 }

Annotations:
D:10 1 runed translucent door


Innate Abilities, Weirdness & Mutations

You reflexively headbutt those who attack you in melee.
You have a pair of horns on your head.


Message History

The skeletal warrior hits you from afar with a +0 glaive.
The skeletal warrior hits you with a +0 flail!
You closely miss the skeletal warrior.
The skeletal warrior is heavily damaged.
The skeletal warrior hits you from afar with a +0 glaive!
* * * LOW HITPOINT WARNING * * *
The skeletal warrior hits you with a +0 flail!
* * * LOW HITPOINT WARNING * * *
You slash the skeletal warrior!
You headbutt the skeletal warrior, but do no damage.
The skeletal warrior is severely damaged.
The skeletal warrior hits you from afar with a +0 glaive.
* * * LOW HITPOINT WARNING * * *
The skeletal warrior barely misses you.
Your skin stops crawling.
You feel less resistant to hostile enchantments.
The skeletal warrior hits you with a +0 flail!
* * * LOW HITPOINT WARNING * * *
The skeletal warrior hits you from afar with a +0 glaive!!
You die...

#.'∩#..# #.###..# #
#..###.####### ####
#............# ....
#..#########.# # #..#
#.# #..# #.# #..#
######.######## #..#
#......@zz.z..##########
#.<#
#.####.######......<...)
#..####.# #.#
############ #.......#
#.# #.##########.#
#............#
##############


You could see 3 skeletal warriors.

Vanquished Creatures
  Harold (D:7)
  A skeletal warrior (D:11)
  An unseen horror (D:10)
  Maggie (D:7)
  3 trolls
  2 wyverns
  2 yaks (D:9)
  A water moccasin (D:10)
  2 sky beasts
  4 porcupines (D:9)
  4 black bears
  4 ice beasts
  2 orc warriors
  2 phantoms
  5 ogres
  3 centaurs
  8 bullfrogs
  A big kobold (D:10)
  A gnoll sergeant (D:7)
  4 scorpions
  3 killer bees (D:7)
  3 crimson imps
  A centaur zombie (D:7)
  3 bullfrog skeletons
  4 jellies
  5 hounds
  A centaur skeleton (D:9)
  5 orc priests
  Crazy Yiuf (D:7)
  11 orc wizards
  An iguana (D:7)
  Terence (D:2)
  8 worker ants
  2 hound skeletons
  A howler monkey zombie (D:8)
  A worker ant zombie (D:9)
  5 gnolls (D:7)
  A howler monkey skeleton (D:7)
  13 adders
  2 shadow imps
  An ooze (D:4)
  2 adder zombies
  3 adder skeletons
  2 worms
  2 dart slugs
  10 leopard geckos
  35 orcs
  7 bats
  9 giant cockroaches
  11 goblins
  5 hobgoblins
  5 jackals
  8 quokkas
  3 ball pythons
  8 frilled lizards
  A jackal zombie (D:6)
  10 kobolds
  A leopard gecko skeleton (D:4)
  9 rats
  A plant (D:1)
257 creatures vanquished.

Vanquished Creatures (others)
  A bullfrog skeleton (D:5)
  15 fungi (D:9)
  4 plants (D:9)
20 creatures vanquished.

Grand Total: 277 creatures vanquished

Notes
Turn   | Place    | Note
-------+----------+-------------------------------------------
     0 | D:1      | nicanaca0 the Minotaur Berserker began the quest for the
                  | Orb.
     0 | D:1      | Reached XP level 1. HP: 19/19 MP: 0/0
   173 | D:1      | Reached skill level 4 in Axes
   200 | D:1      | Reached XP level 2. HP: 23/26 MP: 1/1
   623 | D:2      | Reached skill level 5 in Axes
   826 | D:2      | Reached XP level 3. HP: 29/31 MP: 2/2
   973 | D:2      | Found a burning altar of Makhleb.
   980 | D:2      | Reached ** piety under Trog
  1059 | D:2      | Found an iron altar of Okawaru.
  1117 | D:2      | Noticed Terence
  1124 | D:2      | Killed Terence
  1213 | D:2      | Reached skill level 6 in Axes
  1213 | D:2      | Reached XP level 4. HP: 37/39 MP: 3/3
  1653 | D:2      | Found a shadowy altar of Dithmenos.
  2118 | D:3      | Reached XP level 5. HP: 38/45 MP: 4/4
  2127 | D:3      | Reached skill level 7 in Axes
  2226 | D:3      | Found a stormy altar of Qazlal.
  2296 | D:3      | Reached *** piety under Trog
  3201 | D:4      | Reached skill level 8 in Axes
  3201 | D:4      | Reached XP level 6. HP: 11/51 MP: 5/5
  3206 | D:4      | HP: 1/51 [poisoned by a scorpion]
  3890 | D:4      | Found a bloodstained altar of Trog.
  4097 | D:4      | Found a shimmering altar of Xom.
  4098 | D:4      | Found a shimmering altar of Xom.
  4098 | D:4      | Found a shimmering altar of Xom.
  4098 | D:4      | Found a shimmering altar of Xom.
  4100 | D:4      | Found a shimmering altar of Xom.
  4386 | D:5      | Entered Level 5 of the Dungeon
  4515 | D:5      | Reached skill level 9 in Axes
  4787 | D:5      | Reached XP level 7. HP: 60/60 MP: 6/6
  5177 | D:6      | Reached **** piety under Trog
  5189 | D:6      | Reached skill level 5 in Fighting
  5198 | D:6      | Reached skill level 10 in Axes
  5207 | D:6      | Reached XP level 8. HP: 28/68 MP: 7/7
  5608 | D:6      | Reached skill level 5 in Armour
  5893 | D:6      | Reached skill level 11 in Axes
  5945 | D:6      | Noticed a +0 dagger
  5946 | D:6      | Found a hide-covered altar of Uskayaw.
  5946 | D:6      | Noticed a +0 hand axe
  6232 | D:7      | Noticed Maggie
  6250 | D:7      | Killed Maggie
  6262 | D:7      | Found a staircase to the Ecumenical Temple.
  6310 | D:7      | Reached XP level 9. HP: 68/78 MP: 8/8
  6498 | D:7      | Reached skill level 12 in Axes
  6581 | D:7      | Found a runed translucent door.
  6582 | D:7      | Noticed Crazy Yiuf
  7113 | D:7      | Noticed Harold
  7132 | D:7      | Killed Harold
  7272 | D:7      | Reached skill level 13 in Axes
  7367 | D:7      | Found a glowing silver altar of Zin.
  7558 | D:7      | Killed Crazy Yiuf
  7610 | D:8      | Reached ***** piety under Trog
  7990 | D:8      | Reached XP level 10. HP: 88/90 MP: 9/9
  8410 | D:8      | Received a gift from Trog
  8790 | D:9      | Found a basalt altar of Yredelemnul.
  8868 | D:9      | Reached skill level 14 in Axes
  9273 | D:9      | Found a staircase to the Lair.
  9646 | D:10     | Entered Level 10 of the Dungeon
  9759 | D:10     | Killed an unseen horror
  9890 | D:10     | Reached skill level 10 in Fighting
 10258 | D:10     | Found a white marble altar of Elyvilon.
 10258 | D:10     | Noticed an angel
 10259 | D:10     | Found a runed translucent door.
 10323 | D:10     | Reached XP level 11. HP: 95/99 MP: 10/10
 10547 | D:11     | Found Vutainaeng's Gadget Boutique.
 10677 | D:11     | Noticed a skeletal warrior
 10677 | D:11     | Noticed a skeletal warrior
 10677 | D:11     | Noticed a skeletal warrior
 10680 | D:11     | Noticed a skeletal warrior
 10709 | D:11     | Killed a skeletal warrior
 10709 | D:11     | Reached skill level 15 in Axes
 10726 | D:11     | HP: 2/100 [skeletal warrior/+0 flail[a skeletal warrior]
                  | (17)]
 10726 | D:11     | Demolished by a skeletal warrior

Illustrated notes

Levels and vault maps discovered:
D:1:      denvon_arrival_planthouse, layout_basic, hex_tiny
D:2:      layout_loops_ring, lemuel_crystal_altar, minitemple,
          minmay_pentomino_r2, uniq_terence
D:3:      layout_loops_corners, nicolae_qazlal_eye_of_the_storm,
          gup_sewer_entry_pipe
D:4:      layout_layer_cave, lightli_temple_of_fire, xom_redecorated,
          st_stairs_10, minmay_pentomino_pile
D:5:      layout_loops_ring, first_ration, lemuel_old_faithful
D:6:      layout_basic, dancing_weapons_uskayaw
D:7:      layout_loops_corners, zin_treasury, minmay_temple_entry_mini_moons,
          abandoned_shop, uniq_harold, uniq_crazy_yiuf_cottage, uniq_maggie
D:8:      layout_loops_corners
D:9:      lemuel_upstairs_altar, layout_loops_ring, overflow_temple_1_default,
          due_lair_maze_entry_diamond
D:10:     layout_basic, blue_anna_alchemist [blue_anna_fruit_fields,
          blue_anna_fruit_fields], lemuel_angel_altar
D:11:     minmay_the_grid_four_pointed_star_mashed
          [minmay_the_grid_triangle_9x9_longest,
          minmay_the_grid_triangle_9x9_empty,
          minmay_the_grid_triangle_9x9_thin_v,
          minmay_the_grid_triangle_9x9_stretched_checkered,
          minmay_the_grid_prize_four_corners], layout_loops_ring, serial_shops,
          shop, nicolae_shop_window_shopping,
          portal_ice_cave_entry_animals_and_master, uniq_erolcha

Skill      XL: |  1  2  3  4  5  6  7  8  9 10 11 |
---------------+----------------------------------+-----
Axes           | 4 5 6 8 9 10 11 13 14 15 | 15.0
Fighting       | 4 5 6 8 10 | 10.2
Armour         | 3 4 6 8 9 |  9.8
Dodging        | |  2.1

Action                   |  1- 3 |  4- 6 |  7- 9 | 10-12 || total
-------------------------+-------+-------+-------+-------++-------
Melee: Hand axe          |    91 |    59 |       |       ||   150
       Headbutt          |    20 |    28 |    43 |    32 ||   123
       Whip              |       |    66 |       |       ||    66
       Broad axe         |       |     1 |   239 |   199 ||   439
Invok: Berserk           |     1 |       |       |     1 ||     2
       Trog's Hand       |       |       |     2 |     2 ||     4
Evoke: Wand              |       |       |     1 |       ||     1
  Use: Potion            |       |     3 |       |       ||     3
       Scroll            |       |       |     9 |     1 ||    10
  Eat: Chunk             |     2 |    10 |     9 |     9 ||    30
       Ration            |       |     1 |       |       ||     1
Armor: Animal skin       |     2 |       |       |       ||     2
       Leather armour    |     4 |    16 |       |       ||    20
       Ring mail         |       |    23 |     3 |       ||    26
       Plate armour      |       |       |    99 |    94 ||   193
Dodge: Dodged            |    41 |    79 |   115 |    86 ||   321
       Repelled          |     3 |       |     2 |       ||     5
Block: Buckler           |       |     3 |    16 |    18 ||    37
